 Dungeon Crawl Stone Soup version 0.28.0-62-gf88900778d (webtiles) character file.

Game seed: 6668351453703286228

55 infinitevox the Stinger (level 3, 0/26 HPs)
             Began as a Demonspawn Wanderer on Apr 15, 2023.
             Was a Follower of Yredelemnul.
             Slain by Sigmund
             ... wielding a +2 scythe of freezing
              (13 damage)
             ... on level 2 of the Dungeon.
             The game lasted 00:04:39 (1895 turns).

infinitevox the Stinger (Demonspawn Wanderer)       Turns: 1895, Time: 00:04:40

Health: 0/26       AC:  4    Str: 14    XL:     3   Next: 67%
Magic:  6/7        EV: 12    Int: 11    God:    Yredelemnul [*.....]
Gold:   66         SH:  0    Dex: 14    Spells: 7/8 levels left

rFire   . . .      SeeInvis .   i - +2 mace (drain)
rCold   . . .      Faith    .   (no shield)
rNeg    . . .      Spirit   .   b - +0 leather armour
rPois   .          Reflect  .   (no helmet)
rElec   .          Harm     .   (no cloak)
rCorr   .          Rampage  .   (no gloves)
Will    .....                   a - +0 pair of boots
Stlth   +.........              (no amulet)
HPRegen 0.08/turn               (no ring)
MPRegen 0.10/turn               (no ring)

@: hasted, very quick
A: powered by death 2
a: Renounce Religion, Recall Undead Harvest


You were on level 2 of the Dungeon.
You worshipped Yredelemnul.
Yredelemnul was noncommittal.
You visited 1 branch of the dungeon, and saw 2 of its levels.

You collected 66 gold pieces.

Inventory:

Hand Weapons
 i - a +2 mace of draining (weapon)
Armour
 a - a +0 pair of boots (worn)
 b - a +0 leather armour (worn)
Jewellery
 c - an amulet of faith
Scrolls
 e - 2 scrolls of enchant weapon
 g - a scroll of holy word {unknown}
 h - a scroll of blinking {unknown}
 k - a scroll of teleportation {unknown}
 l - a scroll of vulnerability {unknown}
Potions
 j - a potion of berserk rage {unknown}


   Skills:
 + Level 1.5 Fighting
 - Level 1.0 Maces & Flails
 + Level 2.5 Dodging
 - Level 3.0 Spellcasting
 * Level 2.2 Transmutations
 - Level 3.0 Poison Magic


You had 7 spell levels left.
You knew the following spells:

 Your Spells              Type           Power      Damage    Failure   Level
a - Sting                 Tmut/Pois      28%        1d4       12%         1

Your spell library contained the following spells:

 Spells                   Type           Power      Damage    Failure   Level
 Mephitic Cloud           Conj/Pois/Air  3%         N/A       54%         3
 Olgreb's Toxic Radiance  Pois           8%         N/A       67%         4


Dungeon Overview and Level Annotations

Branches:
Dungeon (2/15)

Altars:
Yredelemnul

Annotations:
D:2 Sigmund


Innate Abilities, Weirdness & Mutations

You regenerate health from kills.


Message History

Sigmund casts a spell.
Sigmund flickers and vanishes!
Deactivating autopickup; reactivate with Ctrl-A.
Are you sure you want to stumble around while confused and next to your hobgoblin zombie?
Okay, then.
The bat hits your spectral endoplasm.
Your frilled lizard zombie barely misses something.
Your kobold zombie barely misses something.
The bat misses your adder zombie. The bat hits your adder zombie.
Something hits you. Something freezes you.
It was a potion of curing.
You feel better. The bat hits your adder zombie.
Your frilled lizard zombie bites something but does no damage.
Your kobold zombie misses something.
Your spectral endoplasm closely misses the bat.
You miss something. The bat hits you.
You hear some strange, mumbled words.
A magic dart appears from out of thin air!
The magic dart hits you.
Your frilled lizard zombie closely misses something.
You hit something.
Your spectral endoplasm misses the bat.
The bat closely misses you.
Your kobold zombie misses something.
Something barely misses you.
You barely miss something. Your punch misses something.
The bat hits you but does no damage.
The bat barely misses your hobgoblin zombie.
Your spectral endoplasm closely misses the bat.
Your frilled lizard zombie bites something.
Your kobold zombie closely misses something.
The bat hits your hobgoblin zombie.
You hit the bat.
You kill the bat!
A black mist starts to gather...
Something hits you. Something freezes you.
Your frilled lizard zombie barely misses something.
Your kobold zombie misses something.
You miss something.
Your frilled lizard zombie closely misses something.
You hit something but do no damage. Something hits you!
Ouch! That really hurt!
You die...
Your body rises from the dead as a mindless zombie.

#....Z.ZZZ....#.....#
##
#Z#######)....#.....#
#.# #####....#.....#
#.# #...#######....#
#.# #.8.# ...#....#
#.####...###.>.#....#
#......ZZ......######
#...⌠.ZZ{....#
#......@Z....#
######ZZ.....##
#.........
###........⌠
#...........
#.<.###...## #...#
.8.# ##### ...# #


You could see a friendly spectral endoplasm, a friendly frilled lizard zombie, a
friendly bat zombie, a friendly adder zombie, 2 friendly hobgoblin zombies and a
friendly kobold zombie.

Vanquished Creatures
  2 adders (D:2)
  A worm (D:2)
  3 ball pythons
  3 bats
  2 endoplasms (D:2)
  3 hobgoblins (D:2)
  2 quokkas (D:1)
  2 frilled lizards
  A kobold (D:2)
  3 rats
22 creatures vanquished.

Vanquished Creatures (collateral kills)
  An adder (D:2)
  An endoplasm (D:2)
2 creatures vanquished.

Vanquished Creatures (others)
  A bat zombie (D:2)
  A rat zombie (D:2)
2 creatures vanquished.

Grand Total: 26 creatures vanquished

Notes
Turn   | Place    | Note
-------+----------+-------------------------------------------
     0 | D:1      | infinitevox the Demonspawn Wanderer began the quest for the
                  | Orb.
     0 | D:1      | infinitevox set off with the following items: a +1 mace, a
                  | +0 leather armour; and the following spell memorised:
                  | Sting; and the following spells available to memorise:
                  | Mephitic Cloud, Olgreb's Toxic Radiance
     0 | D:1      | Reached XP level 1. HP: 15/15 MP: 4/4
   118 | D:1      | Found a faded altar of an unknown god.
   124 | D:1      | Prayed at the altar of an unknown god.
   124 | D:1      | Became a worshipper of Yredelemnul the Dark
   124 | D:1      | Reached * piety under Yredelemnul
   406 | D:1      | Reached skill level 1 in Transmutations
   963 | D:2      | Noticed Sigmund
  1198 | D:2      | Gained mutation: You regenerate a little health from kills.
                  | [demonic ancestry]
  1198 | D:2      | Reached XP level 2. HP: 21/21 MP: 6/6
  1263 | D:2      | Gained mutation: You regenerate health from kills. [demonic
                  | ancestry]
  1263 | D:2      | Reached XP level 3. HP: 9/26 MP: 7/7
  1895 | D:2      | Slain by Sigmund

Illustrated notes

Levels and vault maps discovered:
D:1:      dpeg_arrival_radiant, layout_basic,
          dreamdust_ecumenical_altar_angels_and_demons, minmay_octomino_e4
D:2:      layout_basic, nicolae_elevator_lobby_asterisk, uniq_sigmund

Skill      XL: |  1  2  3 |
---------------+----------+-----
Transmutations | 1 2 |  2.2
Dodging        | 2 |  2.5
Fighting       | |  1.5
Maces & Flails | |  1.0
Spellcasting   | |  3.0
Poison Magic   | |  3.0

Action                   || total
-------------------------++-------
Melee: Mace              ||    56
Invok: Recall Undead Har ||     1
  Use: Potion            ||     2
       Scroll            ||     1
 Stab: Sleeping          ||     1
Armor: Leather armour    ||    27
Dodge: Dodged            ||    47
